 Dungeon Crawl Stone Soup version 0.31-a0-716-gc7603755dd (webtiles) character file.

Game seed: 14659551278035958732

217 Essalna the Conjurer (level 5, -1/35 HPs)
             Began as a Demonspawn Conjurer on Sept 10, 2023.
             Slain by an ice beast (8 damage)
             ... on level 3 of the Dungeon.
             The game lasted 00:05:14 (2485 turns).

Essalna the Conjurer (Demonspawn Conjurer)          Turns: 2485, Time: 00:05:15

Health: -1/35      AC:  2    Str:  7    XL:     5   Next: 62%
Magic:  7/20       EV: 15    Int: 21    God:
Gold:   175        SH:  0    Dex: 12    Spells: 9/12 levels left

rFire   . . .        m - +2 short sword (protect)
rCold   . . .        (no shield)
rNeg    . . .        a - +0 robe
rPois   .            (no helmet)
rElec   .            (no cloak)
rCorr   .            (no gloves)
SInv    .            (no boots)
Will    .....        (no amulet)
Stlth   ++           h - ring of magical power
HPRegen 0.25/turn    (no ring)
MPRegen 0.17/turn

%: no passive effects
@: no status effects
A: hooves 1, repulsion field 2, powered by death 1
a: no special abilities


You were on level 3 of the Dungeon.
You visited 1 branch of the dungeon, and saw 3 of its levels.

You collected 175 gold pieces.

Inventory:

Hand Weapons
 c - a +0 spear
 m - a +2 short sword of protection (weapon)
Armour
 a - a +0 robe (worn)
Jewellery
 h - a ring of magical power (left hand)
 t - an amulet of faith
Wands
 w - a wand of paralysis (7)
Scrolls
 d - a scroll of silence {unknown}
 e - 2 scrolls of teleportation {unknown}
 g - 2 scrolls of identify {unknown}
 i - 2 scrolls of blinking {unknown}
 j - a scroll of revelation {unknown}
 n - 2 scrolls of poison {unknown}
 p - a scroll of amnesia {unknown}
 v - a scroll of immolation {unknown}
Potions
 b - a potion of magic
 f - 3 potions of enlightenment {unknown}
 k - a potion of degeneration {unknown}
 l - a potion of invisibility {unknown}
 o - a potion of resistance {unknown}
 q - a potion of brilliance {unknown}
 r - a potion of mutation {unknown}
 s - a potion of might {unknown}
 u - a potion of curing {unknown}


   Skills:
 - Level 1.7 Dodging
 - Level 1.7 Stealth
 + Level 4.1 Spellcasting
 + Level 5.7 Conjurations


You had 9 spell levels left.
You knew the following spells:

 Your Spells              Type           Power      Damage    Failure   Level
a - Magic Dart            Conj           100%       1d8       1%          1
b - Searing Ray           Conj           56%        2d6       1%          2

Your spell library contained the following spells:

 Spells                   Type           Power      Damage    Failure   Level
 Dazzling Flash           Conj/Hex       32%        N/A       11%         3
 Slow                     Hex            16%        N/A       12%         1
 Confusing Touch          Hex            4%         N/A       34%         3
 Sigil of Binding         Hex            4%         N/A       34%         3
 Vampiric Draining        Necr           4%         2d6       34%         3
 Fulminant Prism          Conj/Hex       8%         3d7       36%         4
 Iskenderun's Mystic Bla  Conj/Tloc      16%        2d5       36%         4


Dungeon Overview and Level Annotations

Branches:
Dungeon (3/15)

Altars:
Fedhas


Innate Abilities, Weirdness & Mutations

You have large cloven feet.
You are surrounded by a moderate repulsion field. (EV +3)
You regenerate a little health from kills.


Message History

The searing ray misses the ice beast. (Press . to maintain the ray.)
The searing ray hits the ice beast.
The ice beast is lightly wounded.
The searing ray hits the ice beast.
The ice beast is moderately wounded.
The searing ray hits the ice beast.
The ice beast is heavily wounded.
You finish channelling your searing ray.
The ice beast hits you. The ice beast freezes you!
Casting: Searing Ray (safe; 1% risk of failure)
Confirm with . or Enter, or press ? or * to list all spells.
Aiming: Searing Ray (safe; 1% risk of failure)
Press: ? - help, Shift-Dir - straight line, f/p - ice beast
Aim: an ice beast (heavily wounded, 79% to hit)
The searing ray misses the ice beast. (Press . to maintain the ray.)
The ice beast barely misses you.
The searing ray hits the ice beast.
The ice beast is heavily wounded.
The ice beast misses you.
The searing ray hits the ice beast.
The ice beast is heavily wounded.
The ice beast hits you. The ice beast freezes you!
* * * LOW HITPOINT WARNING * * *
The searing ray misses the ice beast.
You finish channelling your searing ray.
The ice beast misses you.
Casting: Searing Ray (safe; 1% risk of failure)
Confirm with . or Enter, or press ? or * to list all spells.
Aiming: Searing Ray (safe; 1% risk of failure)
Press: ? - help, Shift-Dir - straight line, f/p - ice beast
Aim: an ice beast (heavily wounded, 79% to hit)
The searing ray hits the ice beast.
The ice beast is severely wounded. (Press . to maintain the ray.)
The ice beast hits you.
* * * LOW HITPOINT WARNING * * *
The ice beast freezes you!
You die...

#............>....#...###.
#..............##.##### #.
#............... ... ##.
####.........##.. .. #..
#.........(#..........#
#.......~.~~.. ....####
##.......~~.## #.#.....
#......~~_.... . #.....
#.....@Y.~≈~# ..####
#..........~# #..
#............. #...
#.........#### #.##
##.......## ## ##.....##
#######


You could see an ice beast.

Vanquished Creatures
  Ijyb (D:3)
  Terence (D:3)
  Natasha (thrice) (D:2)
  4 adders
  2 dart slugs
  An orc (D:3)
  6 bats
  4 endoplasms
  4 giant cockroaches
  4 goblins
  5 hobgoblins
  4 kobolds
  2 quokkas
  6 ball pythons
  5 frilled lizards
  2 rats
54 creatures vanquished.

Notes
Turn   | Place    | Note
-------+----------+-------------------------------------------
     0 | D:1      | Essalna the Demonspawn Conjurer began the quest for the
                  | Orb.
     0 | D:1      | Reached XP level 1. HP: 13/13 MP: 3/3
   312 | D:2      | Gained mutation: You regenerate a little health from kills.
                  | [demonic ancestry]
   312 | D:2      | Reached XP level 2. HP: 19/19 MP: 0/5
   487 | D:2      | You fall into a shaft and drop 1 floor!
   505 | D:3      | Learned a level 2 spell: Searing Ray
   715 | D:3      | Noticed an ice beast
   761 | D:2      | Noticed Natasha
   772 | D:2      | Killed Natasha
   773 | D:2      | Gained mutation: You are surrounded by a mild repulsion
                  | field. (EV +2) [demonic ancestry]
   773 | D:2      | Reached XP level 3. HP: 19/24 MP: 5/7
   856 | D:2      | Noticed Natasha
   862 | D:2      | Killed Natasha
   863 | D:2      | Gained mutation: You are surrounded by a moderate repulsion
                  | field. (EV +3) [demonic ancestry]
   863 | D:2      | Reached XP level 4. HP: 28/30 MP: 8/8
   926 | D:2      | Reached skill level 5 in Conjurations
  1230 | D:2      | Noticed Natasha
  1236 | D:2      | Killed Natasha
  1237 | D:2      | Gained mutation: You have large cloven feet. [demonic
                  | ancestry]
  1237 | D:2      | Reached XP level 5. HP: 25/35 MP: 10/10
  2281 | D:3      | Noticed Ijyb
  2288 | D:3      | Killed Ijyb
  2351 | D:3      | Noticed Terence
  2361 | D:3      | Killed Terence
  2465 | D:3      | Found a blossoming altar of Fedhas.
  2485 | D:3      | Slain by an ice beast

Illustrated notes

Levels and vault maps discovered:
D:1:      minmay_arrival_up_and_down, layout_loops_ring
D:2:      layout_rooms, uniq_natasha
D:3:      layout_rooms, fedhas_altar_2, shapermc_ecumenical_altar_acropolis,
          uniq_terence, uniq_ijyb

Skill      XL: |  1  2  3  4  5 |
---------------+----------------+-----
Spellcasting   | 3 4 |  4.1
Conjurations   | 5 |  5.7
Dodging        | |  1.7
Stealth        | |  1.7

Action                     |  1- 3 |  4- 6 || total
---------------------------+-------+-------++-------
  Melee: Spear             |     6 |       ||     6
   Cast: Magic Dart        |    42 |    76 ||   118
         Searing Ray       |     3 |     7 ||    10
 Armour: Robe              |     8 |     9 ||    17
  Dodge: Dodged            |    14 |     8 ||    22

Table legend: (Time is in decaauts)
 A = Elapsed time spent in this place.
 B = Non-inter-level travel time spent in this place.
 C = Inter-level travel time spent in this place.
 D = Time resting spent in this place.
 E = Time spent auto-exploring this place.
 F = Levels seen in this place.
 G = Mean time per level.
                   A        B        C        D        E       F      G
               +--------+--------+--------+--------+--------+-----+--------+
         Total |   2491 |   2391 |    100 |     23 |   2043 |   3 |  830.3 |
       Dungeon |   2491 |   2391 |    100 |     23 |   2043 |   3 |  830.3 |
               +--------+--------+--------+--------+--------+-----+--------+

Top non-repeatable levels by time:
     D:2: 1080 daAuts
     D:1: 965 daAuts
     D:3: 446 daAuts
